 Dungeon Crawl Stone Soup version 0.30.1-5-ged363bc7ee (webtiles) character file.

Game seed: 17551612972082792031

51 ChiefBigBeans the Shield-Bearer (level 4, -1/37 HPs)
             Began as a Formicid Fighter on Sept 19, 2023.
             Slain by Grinder (7 damage)
             ... on level 3 of the Dungeon.
             The game lasted 00:02:22 (1533 turns).

ChiefBigBeans the Shield-Bearer (Formicid Fighter)  Turns: 1533, Time: 00:02:23

Health: -1/37      AC:  7    Str: 21    XL:     4   Next: 5%
Magic:  4/4        EV:  9    Int:  7    God:
Gold:   100        SH:  5    Dex: 15    Spells: 3/3 levels left

rFire   . . .        a - +0 long sword
rCold   . . .        c - +0 buckler
rNeg    . . .        b - +0 scale mail
rPois   .            (helmet unavailable)
rElec   .            (no cloak)
rCorr   .            (no gloves)
SInv    +            (no boots)
Will    .....        (no amulet) Stlth
                     (no ring)
HPRegen 0.26/turn    (no ring)
MPRegen 0.09/turn

%: no passive effects
@: no status effects
A: permanent stasis, dig shafts and tunnels, antennae 3, four strong arms
a: Dig, Shaft Self


You were on level 3 of the Dungeon.
You visited 1 branch of the dungeon, and saw 3 of its levels.

You collected 100 gold pieces.

Inventory:

Hand Weapons
 a - a +0 long sword (weapon)
Missiles
 f - 2 throwing nets
Armour
 b - a +0 scale mail (worn)
 c - a +0 buckler (worn)
 j - the +0 leather armour "Olea" {Harm rPois Str-3 Dex-4}
   (You found it on level 2 of the Dungeon)

   Str:       It affects your strength (-3).
   Dex:       It affects your dexterity (-4).
   rPois:     It protects you from poison.
   Harm:      It increases damage dealt and taken.
Jewellery
 h - a ring of willpower
Scrolls
 g - a scroll of teleportation {unknown}
 i - a scroll of fear {unknown}
Potions
 d - a potion of might
 e - a potion of haste {unknown}
 k - 2 potions of heal wounds {unknown}
 l - a potion of attraction {unknown}
 m - 2 potions of lignification {unknown}


   Skills:
 + Level 3.8 Fighting
 + Level 2.6 Long Blades
 + Level 3.8 Armour
 + Level 4.6 Shields


You had 3 spell levels left.
You didn't know any spells.
Your spell library contained the following spells:

 Spells                   Type           Power      Damage    Failure   Level
 Summon Small Mammal      Summ           0%         N/A       83%         1
 Call Canine Familiar     Summ           0%         N/A       99%         3
 Summon Guardian Golem    Hex/Summ       0%         N/A       99%         3


Dungeon Overview and Level Annotations

Branches:
Dungeon (3/15)

Altars:

Annotations:
D:3 Grinder


Innate Abilities, Weirdness & Mutations

You cannot be hasted, slowed, berserked, paralysed or teleported.
You can dig through walls and to a lower floor.
You have a pair of large antennae on your head. (SInv)
Your four strong arms can wield two-handed weapons with a shield.


Message History

Grinder hits you but does no damage.
You barely miss Grinder.
Grinder is moderately wounded.
Grinder barely misses you.
You hit Grinder but do no damage.
Grinder is moderately wounded.
Grinder blinks! x2
You closely miss Grinder.
Grinder is lightly wounded.
Grinder hits you.
You barely miss Grinder.
Grinder is lightly wounded.
Grinder hits you.
You writhe in agony.
You are too injured to fight recklessly!
You are too injured to fight recklessly!
You are too injured to fight recklessly!
You are too injured to fight recklessly!
You are too injured to fight recklessly!
You closely miss Grinder.
Grinder is lightly wounded.
Grinder hits you.
You writhe in agony.
Grinder hits you.
You writhe in agony.
* * * LOW HITPOINT WARNING * * *
You slash Grinder!
Grinder is moderately wounded.
You block Grinder's attack.
You slash Grinder!
Grinder is heavily wounded.
Grinder hits you.
* * * LOW HITPOINT WARNING * * *
You closely miss Grinder.
Grinder is heavily wounded.
Grinder misses you. Grinder closely misses you.
You barely miss Grinder.
Grinder is heavily wounded.
Grinder gestures at you.
You barely resist. You slash Grinder!
Grinder is severely wounded.
Grinder hits you!
You die...

###
#..
#.#
#.#
#.#
#.#
#@#
#5#
#.#
#.#
#.#
#.#
#<#
#.#
#.#


You could see Grinder.

Vanquished Creatures
  An adder (D:2)
  A worm (D:2)
  6 bats
  4 endoplasms
  3 giant cockroaches
  4 goblins
  2 hobgoblins
  2 jackals (D:2)
  2 kobolds
  A quokka (D:2)
  4 ball pythons (D:1)
  4 frilled lizards
  3 rats
37 creatures vanquished.

Notes
Turn   | Place    | Note
-------+----------+-------------------------------------------
     0 | D:1      | ChiefBigBeans the Formicid Fighter began the quest for the
                  | Orb.
     0 | D:1      | Reached XP level 1. HP: 18/18 MP: 1/1
   162 | D:1      | Reached XP level 2. HP: 24/24 MP: 2/2
   774 | D:2      | Reached XP level 3. HP: 29/29 MP: 3/3
  1117 | D:2      | Identified the +0 leather armour "Olea" {Harm rPois Str-3
                  | Dex-4}
  1287 | D:2      | Reached XP level 4. HP: 27/37 MP: 4/4
  1514 | D:3      | Noticed Grinder
  1533 | D:3      | Slain by Grinder

Illustrated notes

Levels and vault maps discovered:
D:1:      dpeg_arrival_lava_altar, layout_loops_cross, serial_bayou_lagoon_a
D:2:      layout_basic
D:3:      layout_basic, uniq_ijyb, uniq_grinder

Action                     |  1- 3 |  4- 6 || total
---------------------------+-------+-------++-------
  Melee: Long sword        |   113 |    21 ||   134
    Use: Potion            |     2 |       ||     2
 Armour: Scale mail        |    56 |     1 ||    57
  Dodge: Dodged            |    55 |     8 ||    63
  Block: Buckler           |    31 |     3 ||    34
